AoeStats
← Octavio

Arabia

510628100Analyzed
1v1 RM · 21h ago on Oct 1, 2026· 64m 29s· 2 players
Game mode
Random Map
Map size
Tiny (2 player)
Population
200
Speed
Normal
Resources
Standard
Victory
Conquest
Starting age
Dark Age
Ending age
Imperial Age
RankedLock teamsTeams togetherTeam positionsShared explorationLock speedFull tech treeHidden civsTurbo modeCheats
Victory
Defeat
🇦🇷 Mongols · Argentina
586
+15
🇬🇷 Danes · Greece
565
-15
odysneaky
0:32 Loom
9:53 Feudal Age
11:51 Double-Bit Axe
26:00 Castle Age
26:35 Pikeman
27:11 Horse Collar
28:34 Gambesons
31:47 Arson
31:24 Man-at-Arms
32:04 Squires
32:35 Squires
33:27 Long Swordsman
52:33 Coinage
52:28 Stone Mining
53:24 Hamask
54:43 Scale Mail Armor
54:44 Padded Archer Armor
56:51 Town Watch
58:04 Gold Mining
61:13 Wheelbarrow
Octavio
10:58 Feudal Age
11:40 Horse Collar
11:47 Double-Bit Axe
15:47 Bloodlines
22:17 Forging
24:28 Scale Barding Armor
26:00 Gold Mining
29:53 Castle Age
28:07 Man-at-Arms
28:33 Arson
30:57 Squires
31:47 Long Swordsman
34:56 Bow Saw
35:15 Scale Mail Armor
36:30 Fervor
39:42 Heavy Plow
41:15 Iron Casting
41:10 Chain Mail Armor
42:40 Wheelbarrow
44:52 Hand Cart
46:07 Gold Shaft Mining
45:22 Stone Mining
47:27 Stone Mining
48:16 Husbandry
50:03 Stone Shaft Mining
53:06 Imperial Age
51:18 Chain Barding Armor
54:56 Conscription
53:56 Elite Mangudai
58:14 Ballistics
60:09 Blast Furnace
59:00 Fletching
59:10 Padded Archer Armor
60:23 Chemistry
59:38 Fortified Wall
60:05 Two-Handed Swordsman
61:06 Champion
62:05 Bodkin Arrow
63:25 Plate Mail Armor
62:56 Bracer
63:12 Leather Archer Armor
Connection lost

Rejoining the realm…

Still unreachable

The connection could not be restored.

Session expired

The server has moved on; the page needs a fresh start.